 Dungeon Crawl Stone Soup version 0.17-a0-2127-g1cb09f6 (webtiles) character file.

2541 brucemayne the Cleaver (level 9, -7/61 HPs)
             Began as a Demonspawn Gladiator on Oct 22, 2015.
             Was an Initiate of Makhleb.
             Mangled by a hill giant
             ... wielding a +0 giant club
              (23 damage)
             ... on level 10 of the Dungeon.
             The game lasted 00:16:55 (3085 turns).

brucemayne the Cleaver (Demonspawn Gladiator)       Turns: 3085, Time: 00:16:55

Health: -7/61      AC: 15    Str: 18    XL:     9   Next: 30%
Magic:  9/9        EV:  6    Int:  9    God:    Makhleb [......]
Gold:   319        SH:  0    Dex: 12    Spells: 0 memorised, 8 levels left

rFire  . . .     SeeInvis .     C - +1 war axe (freeze)
rCold  + . .     Clarity  .     B - +0 plate armour "Zotazenn" {+Blink rElec rC+ Dex-3}
rNeg   . . .     SustAt   .     (no shield)
rPois  .         Gourm    .     (helmet restricted)
rElec  +         Spirit   .     h - +0 cloak
rCorr  .         Warding  .     (no gloves)
rMut   .         Stasis   .     (no boots)
MR     .....                    (no amulet)
Stlth  ..........               (no ring)
                                (no ring)

@: drained, not resistant to hostile enchantments, extremely unstealthy
A: horns 1, yellow scales 1, demonic guardian 1, powered by death 2
a: Renounce Religion, Evoke Blink


You were on level 10 of the Dungeon.
You worshipped Makhleb.
Makhleb was noncommittal.
You were not hungry.

You visited 2 branches of the dungeon, and saw 11 of its levels.

You collected 319 gold pieces.

Inventory:

Hand Weapons
 a - a +1 war axe
 j - a +0 battleaxe
 C - a +1 war axe of freezing (weapon)
Missiles
 m - 13 poisoned needles
 o - 5 needles of confusion
Armour
 b - a +0 leather armour
 g - a +0 chain mail
 h - a +0 cloak (worn)
 q - a cursed +0 scale mail
 B - the +0 plate armour "Zotazenn" (worn) {+Blink rElec rC+ Dex-3}
   (You found it on level 7 of the Dungeon)

   It affects your dexterity (-3).
   It protects you from cold.
   It insulates you from electricity.
   It lets you blink.
Rods
 l - a +0 iron rod (10/10)
   (You found it on level 10 of the Dungeon)
Wands
 u - a wand of draining (7)
 D - a wand of paralysis (10)
Scrolls
 i - a scroll of recharging {unknown}
 k - a scroll of random uselessness
 n - 3 scrolls of identify
 t - a scroll of torment {unknown}
 y - a scroll of remove curse
 z - a scroll of noise
 A - a scroll of immolation {unknown}
Potions
 f - 4 potions of curing
 p - a potion of poison
 v - 3 potions of mutation
 w - a potion of might
 x - a potion of brilliance
 F - a potion of ambrosia {unknown}
Comestibles
 c - 4 fruits
 e - a bread ration
 r - a meat ration


   Skills:
 - Level 2.0(1.6) Fighting
 - Level 10.4(10.0) Axes
 - Level 1.7(1.4) Throwing
 + Level 5.5(5.2) Armour
 - Level 2.6(2.3) Dodging


You had 8 spell levels left.
You didn't know any spells.

Dungeon Overview and Level Annotations

Branches:
Dungeon (10/15)            Temple (1/1) D:6            Lair (0/8) D:9
    Orc: D:9-12

Altars:
Ashenzari
Cheibriados
Dithmenos
Elyvilon
Fedhas
Gozag
Kikubaaqudgha
Makhleb
Nemelex Xobeh
Okawaru
Qazlal
Ru
Sif Muna
Trog
Vehumet
Xom
Yredelemnul
Zin
The Shining One

Shops:
D:6 *


Innate Abilities, Weirdness & Mutations

You have a pair of small horns on your head.
You are partially covered in yellow scales (AC +2).
A weak demonic guardian rushes to your aid.
You regenerate health from kills.


Message History

The hill giant is severely wounded.
The wight struggles against the net.
The hill giant barely misses you.
You hit the hill giant but do no damage.
You headbutt the hill giant, but do no damage.
The hill giant is severely wounded.
The wight struggles to escape the net.
You slash the hill giant! You freeze the hill giant.
The hill giant is almost dead.
The hill giant completely misses you.
The wight struggles against the net.
The net rips apart, and the wight comes free!
You barely miss the hill giant.
You headbutt the hill giant, but do no damage.
The hill giant is severely wounded.
The hill giant hits you with a giant club!!
Ouch! That really hurt!
* * * LOW HITPOINT WARNING * * *
Your plate armour "Zotazenn" prevents you from hitting the hill giant.
The hill giant is severely wounded.
The hill giant hits you with a giant club!!
You die...

##.## #.# ##...####
#.# #.)#.<..# #.# ##
#.))(##.# #.# ..
#.#)## # #.# .##
#.#(# #.#####$##...#
######.#.#
#...zC..[z.#
#........#########.#
#..........5@Czz...#
#........###########
#........#
#.........
#....^..###
#.......# ####..###
#..


You could see a hill giant, 2 wights and a friendly crimson imp.

Vanquished Creatures
  Pikel (D:7)
  2 hippogriffs
  Duvessa (D:4)
  A phantom (D:4)
  A black bear (D:6)
  2 centaurs
  2 big kobolds
  2 giant frogs
  Dowan (D:4)
  2 scorpions
  3 killer bees (D:9)
  6 wights (D:10)
  3 crimson imps
  A centaur skeleton (D:6)
  A centaur zombie (D:9)
  A giant frog skeleton (D:6)
  A quasit (D:7)
  5 worker ants
  2 iguanas
  3 orc wizards
  A worker ant zombie (D:7)
  7 gnolls
  2 shadow imps
  6 adders
  3 worms
  An adder skeleton (D:6)
  A giant gecko (D:7)
  10 orcs
  A goblin (D:3)
  A hobgoblin (D:3)
  6 jackals
  10 kobolds
  3 quokkas
  A bat (D:1)
  2 giant cockroaches (D:4)
  A giant gecko skeleton (D:5)
  A quokka skeleton (D:6)
  A rat (D:3)
99 creatures vanquished.

Vanquished Creatures (collateral kills)
  A giant frog (D:9)
  A wight (D:10)
  A crimson imp (D:6)
  An iguana (D:9)
  A worker ant (D:6)
  A gnoll (D:7)
  2 kobolds
8 creatures vanquished.

Vanquished Creatures (others)
  A giant gecko (D:7)
1 creature vanquished.

Grand Total: 108 creatures vanquished

Notes
Turn   | Place    | Note
--------------------------------------------------------------
     0 | D:1      | brucemayne the Demonspawn Gladiator began the quest for the Orb.
     0 | D:1      | Reached XP level 1. HP: 16/16 MP: 1/1
   263 | D:4      | Noticed a worker ant
   275 | D:4      | Killed a worker ant
   275 | D:4      | Reached skill level 3 in Axes
   275 | D:4      | Gained mutation: You regenerate a little health from kills. [demonic ancestry]
   275 | D:4      | Reached XP level 2. HP: 22/22 MP: 2/2
   323 | D:4      | Found a stormy altar of Qazlal.
   324 | D:4      | Reached XP level 3. HP: 27/27 MP: 3/3
   370 | D:4      | Noticed a worker ant
   372 | D:4      | Noticed a worker ant
   388 | D:4      | Noticed a phantom
   388 | D:4      | Killed a worker ant
   388 | D:4      | Reached skill level 4 in Axes
   398 | D:4      | Killed a worker ant
   398 | D:4      | Gained mutation: A weak demonic guardian rushes to your aid. [demonic ancestry]
   398 | D:4      | Reached XP level 4. HP: 23/33 MP: 4/4
   515 | D:4      | Killed a phantom
   515 | D:4      | Reached skill level 5 in Axes
   515 | D:4      | Gained mutation: You regenerate health from kills. [demonic ancestry]
   515 | D:4      | Reached XP level 5. HP: 38/38 MP: 5/5
   519 | D:4      | Noticed Duvessa
   521 | D:4      | Noticed Dowan
   661 | D:5      | Entered Level 5 of the Dungeon
   773 | D:6      | Found a white marble altar of Elyvilon.
   915 | D:6      | Reached skill level 6 in Axes
   938 | D:6      | Reached XP level 6. HP: 44/44 MP: 6/6
  1005 | D:6      | Found an opulent altar of Gozag.
  1008 | D:6      | Found Gozag's Platinum Reserve.
  1154 | D:5      | Noticed a centaur
  1165 | D:5      | Killed a centaur
  1165 | D:5      | Reached skill level 7 in Axes
  1256 | D:5      | Gained mutation: You have a pair of small horns on your head. [demonic ancestry]
  1256 | D:5      | Reached XP level 7. HP: 27/50 MP: 7/7
  1410 | D:7      | Got a bloodstained plate armour
  1423 | D:7      | Identified the +0 plate armour "Zotazenn" {+Blink rElec rC+ Dex-3} (You found it on level 7 of the Dungeon)
  1568 | D:8      | Found a sparkling altar of Nemelex Xobeh.
  1596 | D:9      | Reached skill level 8 in Axes
  1750 | D:7      | Reached skill level 9 in Axes
  1750 | D:7      | Gained mutation: You are partially covered in yellow scales (AC +2). [demonic ancestry]
  1750 | D:7      | Reached XP level 8. HP: 49/56 MP: 8/8
  2007 | D:4      | Killed Duvessa
  2061 | D:4      | Killed Dowan
  2301 | D:6      | Noticed a black bear
  2305 | D:6      | Killed a black bear
  2376 | D:6      | Reached skill level 10 in Axes
  2578 | D:7      | Noticed Pikel
  2604 | D:7      | Killed Pikel
  2604 | D:7      | Reached XP level 9. HP: 55/61 MP: 9/9
  2614 | D:7      | Found a glowing golden altar of the Shining One.
  2619 | D:7      | Found a basalt altar of Yredelemnul.
  2621 | D:7      | Found a snail-covered altar of Cheibriados.
  2621 | D:7      | Found a bloodstained altar of Trog.
  2780 | D:6      | Found a staircase to the Ecumenical Temple.
  2787 | Temple   | Entered the Ecumenical Temple
  2791 | Temple   | Became a worshipper of Makhleb the Destroyer
  2966 | D:10     | Entered Level 10 of the Dungeon
  3004 | D:10     | Reached skill level 5 in Armour
  3036 | D:10     | Noticed a hill giant
  3085 | D:10     | Mangled by a hill giant

Vault maps used:
D:1:      minmay_arrival_five_plusses, serial_bayou, serial_bayou_pond_d,
          serial_bayou_pond_c, serial_bayou_pond_b, serial_bayou_ford_a,
          serial_bayou_pond_d, minmay_misc_feat_four_crosses,
          grunt_decor_one_mirror
D:2:      st_stairs_1, patterned_corridor
D:3:      first_bread, tgw_kikubaaqudgha
D:4:      lemuel_coloured_pillars_altar, serial_glass, glass_columns_a,
          glass_columns_b, uniq_duvessa
D:5:      kennysheep_generic_room_3, uniq_crazy_yiuf_cottage
D:6:      lemuel_crystal_altar, minmay_temple_entry_enclosed_plants,
          nicolae_gozag_zags_fifth_avenue
D:7:      grunt_temple_overflow_open, uniq_pikel
D:8:      kennysheep_steamy, nemelex_deck, serial_shops, shop, hangedman_ranch
D:9:      lair_0_dummy, serial_shops, shop
Temple:   minmay_freezing_vapour_temple_12

Action                   |  1- 3 |  4- 6 |  7- 9 || total
-------------------------+-------+-------+-------++-------
Melee: War axe           |    26 |   148 |   245 ||   419
Throw: Throwing net      |     4 |     2 |     4 ||    10
Evoke: Wand              |       |       |     3 ||     3
  Use: Potion            |       |     1 |     4 ||     5
       Scroll            |       |     4 |     9 ||    13
 Stab: Held in net/web   |     3 |       |     1 ||     4
       Distracted        |       |     3 |       ||     3
       Paralysed         |       |       |     3 ||     3
  Eat: Chunk             |       |       |     5 ||     5
       Beef jerky        |       |       |     1 ||     1
       Pizza             |       |       |     1 ||     1
